 Dungeon Crawl Stone Soup version 0.27-a0-1232-gc6a4cbde82 (webtiles) character file.

Game seed: 4971733624831841741

35602 robertstho the Eclecticist (level 14, -4/87 HPs)
             Began as a Djinni Fire Elementalist on June 8, 2021.
             Was an Initiate of Gozag.
             Slain by a five-headed hydra (16 damage)
             ... on level 5 of the Lair of Beasts.
             The game lasted 00:33:19 (23705 turns).

robertstho the Eclecticist (DjFE)                  Turns: 23705, Time: 00:33:21

Health: -4/87      AC:  3    Str:  7    XL:     14   Next: 19%
Gold:   1756       EV: 14    Int: 24    God:    Gozag SH:  5 Dex: 15

rFire    + + .     SeeInvis .   d - +6 quarterstaff "Xifyrol" {flame, rC+}
rCold    . . .     Faith    .   (shield currently unavailable)
rNeg     . . .     Spirit   .   a - +0 robe
rPois    ∞         Reflect  +   D - +1 hat {Int+3}
rElec    .         Harm     .   r - scarf {+Inv}
rCorr    .         Rampage  .   (no gloves)
Will     +....                  (boots unavailable)
Stlth    +++.......             b - amulet of reflection
HPRegen  0.24/turn              x - ring of wizardry
MPRegen  0.00/turn              m - ring of wizardry

@: flying
A: sickness immunity, fire resistance 2, cold vulnerability 1, float, innate
caster, hp casting, extra vitality 1
a: Renounce Religion, Evoke Invisibility, Potion Petition, Call Merchant, Bribe
Branch


You were on level 5 of the Lair of Beasts.
You worshipped Gozag.
Gozag was most pleased with you.
You visited 2 branches of the dungeon, and saw 18 of its levels.

You collected 3921 gold pieces.
You spent 646 gold pieces at shops.
You paid 1519 gold pieces to Gozag.

Inventory:

Hand Weapons
 d - the +6 quarterstaff "Xifyrol" (weapon) {flame, rC+}
   (You bought it in a shop on level 1 of the Dungeon)

   It has been specially enchanted to burn those struck by it, causing extra
   injury to most foes and up to half again as much damage against particularly
   susceptible opponents.
   It protects you from cold.
Missiles
 E - 5 throwing nets
 O - 2 atropa-tipped darts
Armour
 a - a +0 robe (worn)
 r - a scarf of invisibility (worn)
 D - a +1 hat of intelligence (worn)
Jewellery
 b - an amulet of reflection (around neck)
 e - a ring of see invisible
 g - a ring of resist corrosion
 m - a ring of wizardry (right hand)
 o - a +4 ring of protection
 x - a ring of wizardry (left hand)
 y - a ring of fire
 B - a ring of fire
 I - a ring of protection from cold
Wands
 h - a wand of digging (6)
 q - a wand of mindburst (12)
 u - a wand of iceblast (19)
 H - a wand of acid (10)
Scrolls
 c - 2 scrolls of enchant weapon
 i - a scroll of vulnerability
 s - 6 scrolls of enchant armour
 t - 2 scrolls of silence
 A - 2 scrolls of fog
 F - 2 scrolls of summoning
 M - 3 scrolls of immolation
 P - 5 scrolls of teleportation
 R - a scroll of magic mapping {unknown}
Potions
 f - 5 potions of attraction
 j - a potion of might
 k - 2 potions of invisibility
 l - a potion of lignification {unknown}
 n - 2 potions of berserk rage
 p - 4 potions of curing
 v - 5 potions of brilliance
 z - 3 potions of haste
 C - 3 potions of resistance
 J - 3 potions of heal wounds
 L - 2 potions of ambrosia
Miscellaneous
 K - a condenser vane


   Skills:
 + Level 3.2 Fighting
 + Level 1.4 Staves
 + Level 4.8 Dodging
 + Level 4.8 Stealth
 + Level 1.7 Shields
 * Level 16.2 Spellcasting
 + Level 1.4 Evocations


You had 9 spell levels left.
You knew the following spells:

 Your Spells              Type           Power      Damage    Failure   Level
a - Foxfire               Conj/Fire      100%       2x1d9     0%          1
b - Conjure Flame         Conj/Fire      78%        6-21      0%          3
c - Inner Flame           Hex/Fire       78%        N/A       0%          3
d - Sticky Flame          Conj/Fire      78%        2d9       1%          4
e - Fireball              Conj/Fire      39%        3d16      1%          5
f - Sandblast             Erth           100%       2d20      0%          1
g - Slow                  Hex            78%        N/A       0%          2
h - Lesser Beckoning      Tloc           39%        N/A       0%          3
i - Airstrike             Air            39%        N/A       1%          4
j - Bolt of Magma         Conj/Fire/Erth 39%        4d17      1%          5
k - Yara's Violent Unrav  Hex/Tmut       39%        3d16      1%          5
Your spell library was empty.

Dungeon Overview and Level Annotations

Branches:
Dungeon (13/15)            Temple (0/1) D:7            Lair (5/6) D:8
  Swamp (0/4) Lair:3       Spider (0/4) Lair:2          Orc (0/2) D:9
  Slime: Lair:5-6    Vaults: D:13-14

Altars:
Cheibriados
Elyvilon
Fedhas
Gozag
Hepliaklqana
Kikubaaqudgha
Ru
Uskayaw
Vehumet
Yredelemnul
The Shining One
Jiyva

Shops:
D:1 (   D:8 [   D:10 *   D:11 ==

Annotations:
D:1 234 staff
D:10 2 transporters


Innate Abilities, Weirdness & Mutations

You are immune to sickness and miasma.
You are immune to poison.
Your flesh is very heat resistant. (rF++)
You are vulnerable to cold. (rC-)
You float through the air rather than walking.
You learn spells naturally, not from books.
Your magical power is your life essence.
You have superior vitality. (+4 HP)


Message History

Press: ? - help, Shift-Dir - straight line, f - five-headed hydra
Aim: a five-headed hydra (100% to hit)
The sticky flame hits the five-headed hydra!
The five-headed hydra is lightly wounded.
The five-headed hydra is covered in liquid flames!
The five-headed hydra burns!
The five-headed hydra burns!
The five-headed hydra misses you.
The five-headed hydra closely misses you.
The five-headed hydra bites you!
The five-headed hydra bites you but does no damage.
The five-headed hydra bites you!
The five-headed hydra burns!
The five-headed hydra burns!
The five-headed hydra burns!
The five-headed hydra burns!
The five-headed hydra burns!
The five-headed hydra burns!
The five-headed hydra burns!
The five-headed hydra burns!
The five-headed hydra burns!
The five-headed hydra stops burning.
The five-headed hydra bites you! The five-headed hydra bites you.
The five-headed hydra bites you!
You block the five-headed hydra's attack.
The five-headed hydra bites you!
Casting: Sticky Flame (safe; 1% risk of failure)
Confirm with . or Enter, or press ? or * to list all spells.
Aiming: Sticky Flame (safe; 1% risk of failure)
Press: ? - help, Shift-Dir - straight line, f/p - five-headed hydra
Aim: a five-headed hydra (severely wounded, 100% to hit)
The sticky flame hits the five-headed hydra!
The five-headed hydra is almost dead.
The five-headed hydra is covered in liquid flames!
The five-headed hydra burns!
You block the five-headed hydra's attack.
The five-headed hydra closely misses you.
The five-headed hydra bites you. The five-headed hydra bites you!
* * * LOW HITPOINT WARNING * * *
The five-headed hydra bites you!
You die...
Your body crumbles into a pile of gold.

### ######### ###
####P####..##.#.###.########
####.#...#P#..#.....#.#.P##...##
##.............D@................
#.......##.#.....P..#..#.........
..>...####..#.....###...#P......#
#.....# ###......##.........#.##
.....#. ##.....##..........##.
##... . #....###.....#.......
#.... .. .....##......+...###.
#.... .. #PP...##.....##...P#..
##... .#. #..###.....###P


You could see a five-headed hydra (burning).

Vanquished Creatures
  Snorg (D:11)
  Harold (D:8)
  2 hydras
  2 catoblepae
  5 two-headed ogres
  A deep elf pyromancer (D:12)
  An ugly thing (D:12)
  An orb spider (Lair:2)
  A cyclops (D:12)
  2 manticores
  3 black mambas
  5 elephants
  A gargoyle (D:10)
  A torpor snail (Lair:5)
  10 cane toads
  8 komodo dragons
  2 kobold demonologists (D:12)
  3 rime drakes (Lair:2)
  2 polar bears (D:9)
  3 trolls
  Grinder (D:5)
  6 blink frogs
  4 slime creatures (D:10)
  A dream sheep (Lair:2)
  4 wyverns
  A redback (D:9)
  28 yaks
  2 vampires (D:11)
  A wraith (D:12)
  Grum (Lair:1)
  A steam dragon (D:8)
  9 vampire mosquitoes
  2 acid dragons
  8 water moccasins
  3 ice beasts
  6 orc warriors
  4 ogres
  4 black bears
  A sky beast (D:8)
  A necrophage (D:8)
  4 wolves
  2 centaurs
  A phantom (D:4)
  2 kobold brigands (D:12)
  11 bullfrogs
  5 scorpions
  A wyvern skeleton (D:7)
  A hornet simulacrum (D:9)
  4 killer bees (D:10)
  14 wights
  An electric eel (Lair:2)
  A howler monkey (D:7)
  6 centaur zombies
  An orc priest (D:7)
  Jessica (D:3)
  Natasha (thrice) (D:3)
  An iguana (D:4)
  7 orc wizards
  3 centaur simulacra (D:9)
  2 howler monkey zombies
  Robin (D:3)
  8 gnolls (D:5)
  6 adders
  2 white imps
  A howler monkey simulacrum (D:9)
  An ufetubus (D:7)
  An adder skeleton (D:4)
  2 worms
  5 dart slugs
  28 orcs
  5 ball pythons
  A bat zombie (D:5)
  6 endoplasms
  2 giant cockroaches
  11 goblins
  9 hobgoblins
  4 jackals
  2 quokkas
  3 bats
  15 kobolds
  4 rats
  A rat zombie (D:5)
332 creatures vanquished.

Vanquished Creatures (others)
  A butterfly (D:7)
  761 foxfires
  18 fungi
  32 plants
812 creatures vanquished.

Grand Total: 1144 creatures vanquished

Notes
Turn   | Place    | Note
-------+----------+-------------------------------------------
     0 | D:1      | robertstho the Djinni Fire Elementalist began the quest for
                  | the Orb.
     0 | D:1      | Reached XP level 1. HP: 15/15 MP: 0/0
   123 | D:1      | Found Esuraame's Antique Weapon Boutique.
   317 | D:1      | Reached XP level 2. HP: 19/21 MP: 0/0
   757 | D:1      | Reached skill level 3 in Spellcasting
  1014 | D:2      | Reached XP level 3. HP: 14/25 MP: 0/0
  1014 | D:2      | Learned a level 1 spell: Sandblast
  1587 | D:2      | Reached XP level 4. HP: 22/31 MP: 0/0
  2359 | D:3      | Noticed Natasha
  2364 | D:3      | Killed Natasha
  2365 | D:3      | Reached skill level 4 in Spellcasting
  2365 | D:3      | Reached XP level 5. HP: 25/35 MP: 0/0
  2365 | D:3      | Learned a level 2 spell: Slow
  2372 | D:3      | Noticed Natasha
  2380 | D:3      | Killed Natasha
  2535 | D:3      | Noticed Natasha
  2540 | D:3      | Killed Natasha
  2764 | D:3      | You are sucked into a shaft and drop 1 floor!
  2765 | D:4      | Noticed a phantom
  3051 | D:3      | Noticed an ogre
  3059 | D:3      | Killed an ogre
  3060 | D:3      | Reached skill level 5 in Spellcasting
  3060 | D:3      | Reached XP level 6. HP: 32/40 MP: 0/0
  3145 | D:3      | Noticed Jessica
  3150 | D:3      | Killed Jessica
  3417 | D:3      | Noticed Robin
  3422 | D:3      | Killed Robin
  3755 | D:3      | Identified a scroll of acquirement
  3756 | D:3      | Acquired 546 gold pieces
  3828 | D:1      | Bought a crystal quarterstaff for 234 gold pieces
  3828 | D:1      | Identified the +6 quarterstaff "Xifyrol" {flame, rC+} (You
                  | bought it in a shop on level 1 of the Dungeon)
  3885 | D:4      | Reached XP level 7. HP: 29/45 MP: 0/0
  3885 | D:4      | Learned a level 3 spell: Lesser Beckoning
  3914 | D:4      | Reached skill level 1 in Fighting
  4456 | D:4      | Reached skill level 6 in Spellcasting
  5054 | D:5      | Entered Level 5 of the Dungeon
  5220 | D:5      | Found a blossoming altar of Fedhas.
  5234 | D:5      | Reached XP level 8. HP: 46/52 MP: 0/0
  5405 | D:5      | Found an opulent altar of Gozag.
  5405 | D:5      | Found a hazy altar of Hepliaklqana.
  5714 | D:5      | Reached skill level 7 in Spellcasting
  5777 | D:5      | Became a worshipper of Gozag Ym Sagoz the Greedy
  5864 | D:5      | Noticed Grinder
  5870 | D:5      | Paralysed by Grinder for 7 turns
  5880 | D:5      | Killed Grinder
  6217 | D:5      | Found a snail-covered altar of Cheibriados.
  6793 | D:6      | You are sucked into a shaft and drop 1 floor!
  6793 | D:7      | Found a staircase to the Ecumenical Temple.
  6798 | D:7      | Reached XP level 9. HP: 54/58 MP: 0/0
  6798 | D:7      | Learned a level 4 spell: Airstrike
  6890 | D:7      | Reached skill level 8 in Spellcasting
  7364 | D:7      | Found a basalt altar of Yredelemnul.
  7599 | D:7      | Found a sacrificial altar of Ru.
  7785 | D:7      | Found a white marble altar of Elyvilon.
  8096 | D:8      | Reached skill level 9 in Spellcasting
  8542 | D:8      | Reached XP level 10. HP: 59/64 MP: 0/0
  8544 | D:8      | Reached skill level 1 in Shields
  8628 | D:8      | Noticed a two-headed ogre
  8633 | D:8      | Killed a two-headed ogre
  8634 | D:8      | Reached skill level 10 in Spellcasting
  8857 | D:8      | Found a glowing golden altar of the Shining One.
  8893 | D:8      | Found Peyz's Antique Armour Emporium.
  8978 | D:8      | Bought a runed helmet for 247 gold pieces
  9027 | D:8      | Noticed Harold
  9041 | D:8      | Killed Harold
  9042 | D:8      | Reached skill level 1 in Staves
  9396 | D:8      | Found a staircase to the Lair.
  9407 | D:8      | Reached skill level 11 in Spellcasting
 10279 | D:9      | Reached XP level 11. HP: 53/68 MP: 0/0
 10279 | D:9      | Learned a level 5 spell: Bolt of Magma
 10392 | D:9      | Found a runed translucent door.
 10800 | D:9      | Found a staircase to the Orcish Mines.
 11294 | D:9      | Noticed a boulder beetle
 11351 | D:10     | Entered Level 10 of the Dungeon
 11363 | D:10     | Found a transporter.
 11365 | D:10     | Noticed a death knight
 11365 | D:10     | Noticed a centaur warrior
 11432 | D:10     | Reached skill level 12 in Spellcasting
 11433 | D:10     | Noticed a manticore
 11433 | D:10     | a black mamba changed into a manticore
 11441 | D:10     | a manticore changed into a torpor snail
 11721 | D:10     | Found a transporter.
 11724 | D:10     | Noticed a manticore
 11772 | D:10     | Noticed a two-headed ogre
 12262 | D:10     | Killed a two-headed ogre
 12832 | D:10     | Bought a brown potion for 26 gold pieces
 12832 | D:10     | Bought a scroll of teleportation for 87 gold pieces
 12832 | D:10     | Bought 2 bubbling orange potions for 52 gold pieces
 12859 | D:11     | Noticed Snorg
 12879 | D:11     | Noticed a two-headed ogre
 12884 | D:11     | Killed a two-headed ogre
 12886 | D:11     | Killed Snorg
 12887 | D:11     | Reached skill level 13 in Spellcasting
 12887 | D:11     | Reached XP level 12. HP: 7/76 MP: 0/0
 13193 | D:11     | Noticed a catoblepas
 13294 | D:11     | Found Tequmot's Jewellery Emporium.
 13862 | D:11     | Killed a catoblepas
 14251 | D:11     | Found a glowing golden altar of the Shining One.
 15014 | D:12     | Found a hide-covered altar of Uskayaw.
 15096 | D:12     | Reached skill level 14 in Spellcasting
 15409 | D:12     | Noticed a two-headed ogre
 15413 | D:12     | Killed a two-headed ogre
 16040 | D:13     | Noticed a two-headed ogre
 16046 | D:13     | Killed a two-headed ogre
 16479 | Lair:1   | Entered Level 1 of the Lair of Beasts
 16517 | Lair:1   | Reached XP level 13. HP: 71/81 MP: 0/0
 16517 | Lair:1   | Learned a level 5 spell: Yara's Violent Unravelling
 16782 | Lair:1   | Noticed Grum
 16786 | Lair:1   | Killed Grum
 17638 | Lair:2   | Noticed a five-headed hydra
 17644 | Lair:2   | Killed a five-headed hydra
 18046 | Lair:2   | Reached skill level 15 in Spellcasting
 18258 | Lair:2   | Reached skill level 1 in Evocations
 18364 | Lair:2   | Noticed a catoblepas
 18376 | Lair:2   | Killed a catoblepas
 20089 | Lair:2   | Found a hole to the Spider Nest.
 20418 | Lair:3   | Found a staircase to the Swamp.
 20819 | Lair:3   | Noticed a six-headed hydra
 20823 | Lair:3   | Killed a six-headed hydra
 21968 | Lair:4   | Reached XP level 14. HP: 28/87 MP: 0/0
 22734 | Lair:5   | Reached skill level 16 in Spellcasting
 23108 | Lair:5   | Found a viscous altar of Jiyva.
 23705 | Lair:5   | Slain by a five-headed hydra

Illustrated notes

Levels and vault maps discovered:
D:1:      onia_arrival_pyramid, layout_rooms, serial_shops,
          nicolae_shop_statue_plus, nrook_mini_backslash
D:2:      layout_basic, minmay_pentomino_w2
D:3:      layout_rooms, kennysheep_potato, uniq_robin, uniq_jessica,
          uniq_natasha
D:4:      layout_basic
D:5:      layout_loops_cross, lemuel_zombie_altar_kikubaaqudgha,
          cheibriados_altar_1, grunt_temple_overflow_open,
          hangedman_decor_lopped, uniq_grinder
D:6:      layout_loops_ring, overflow_temple_1_default, hangedman_decor_points,
          minmay_misc_feat_diagonals, minmay_misc_feat_four_crosses,
          grunt_ministairs_4
D:7:      layout_rooms, general_overflow_altar, nicolae_elyvilon_peaceful_grove,
          kennysheep_little_box, temple_pool_b, grunt_ogre_cave
D:8:      layout_rooms, amcnicky_altar_gilded, grunt_lair_entry_orc_guard_hut,
          serial_shops, nicolae_shop_overgrown_old_shop, columned_hall_lemuel,
          dk_noncrumbling_4, uniq_harold
D:9:      gammafunk_indiana_jones, layout_irregular_city, orc_0_dummy,
          serial_ice, serial_ice_g, serial_ice_k, serial_ice_c, serial_ice_f,
          serial_ice_n, serial_ice_a, serial_ice_d, serial_ice_h,
          wad_floor_pattern_untrapped
D:10:     gammafunk_the_bubble [the_bubble_gammafunk_crates], layout_rooms
D:11:     nzn_motion_control, layout_cave_pools, gauntlet_entry_generic,
          serial_shops, shop_statue, nicolae_tso_swordbearing_angel, uniq_snorg
D:12:     layout_gridville, nicolae_uskayaw_dance_hall
D:13:     layout_roguey, uniq_sonja
Lair:1:   layout_loops_ring, grunt_megastairs_5, lemuel_fruit_fields, uniq_grum
Lair:2:   layout_cave_pods, nicolae_spider_entry_orb_guardian,
          minmay_shattered_shrine, infiniplex_staircase_pool
Lair:3:   layout_roguey, swamp_mist_pool
Lair:4:   layout_gridlike
Lair:5:   layout_regular_city, slime_altar_1, basic_altar, minivault_24,
          serial_bayou_shore_a, grunt_megastairs_1

Skill      XL: |  1  2  3  4  5  6  7  8  9 10 11 12 13 14 |
---------------+-------------------------------------------+-----
Spellcasting   | 3 4 5 6 7 9 11 13 14 15 16 | 16.2
Stealth        | 2 3 4 |  4.8
Fighting       | 1 2 3 |  3.2
Dodging        | 3 4 |  4.8
Shields        | 1 |  1.7
Staves         | 1 |  1.4
Evocations     | 1 |  1.4

Action                   |  1- 3 |  4- 6 |  7- 9 | 10-12 | 13-15 || total
-------------------------+-------+-------+-------+-------+-------++-------
Melee: Quarterstaff      |       |       |     4 |    11 |     7 ||    22
 Cast: Foxfire           |    61 |   128 |   270 |     8 |       ||   467
       Sticky Flame      |       |     2 |    12 |    18 |    16 ||    48
       Fireball          |       |       |     4 |   163 |   106 ||   273
       Conjure Flame     |       |       |     1 |     3 |       ||     4
       Lesser Beckoning  |       |       |       |     1 |       ||     1
       Bolt of Magma     |       |       |       |     3 |     3 ||     6
       Airstrike         |       |       |       |       |    37 ||    37
       Slow              |       |       |       |       |     1 ||     1
Invok: Call Merchant     |       |       |       |     2 |       ||     2
 Abil: Evoke Invisibilit |       |       |       |     1 |       ||     1
Evoke: Condenser vane    |       |       |       |     1 |       ||     1
  Use: Scroll            |     2 |     4 |     5 |    13 |     7 ||    31
       Potion            |       |       |       |     8 |     1 ||     9
Armor: Robe              |       |     5 |    10 |     4 |     3 ||    22
Dodge: Dodged            |     2 |     7 |    23 |    23 |    15 ||    70
Block: Other             |       |     2 |    13 |     9 |     8 ||    32
       Reflection        |       |     1 |       |     2 |       ||     3

Table legend: (Time is in decaauts)
 A = Elapsed time spent in this place.
 B = Non-inter-level travel time spent in this place.
 C = Inter-level travel time spent in this place.
 D = Time resting spent in this place.
 E = Time spent auto-exploring this place.
 F = Levels seen in this place.
 G = Mean time per level.
                   A        B        C        D        E       F      G
               +--------+--------+--------+--------+--------+-----+--------+
         Total |  23699 |  22995 |    704 |   1804 |  19195 |  18 | 1316.6 |
       Dungeon |  16467 |  15906 |    561 |   1209 |  13092 |  13 | 1266.7 |
          Lair |   7231 |   7088 |    143 |    595 |   6103 |   5 | 1446.2 |
               +--------+--------+--------+--------+--------+-----+--------+

Top non-repeatable levels by time:
  Lair:2: 2791 daAuts
  Lair:4: 1804 daAuts
     D:9: 1753 daAuts
     D:8: 1656 daAuts
    D:10: 1556 daAuts
     D:5: 1541 daAuts
     D:2: 1497 daAuts
     D:7: 1468 daAuts
    D:11: 1414 daAuts
     D:3: 1403 daAuts
    D:12: 1400 daAuts
     D:4: 1181 daAuts
  Lair:3: 1178 daAuts
  Lair:1: 1075 daAuts
     D:1: 970 daAuts
